 Dungeon Crawl Stone Soup version 0.27-a0-1140-g099f9bb0e8 (webtiles) character file.

Game seed: 6474169475275118325

193 Zeld the Chopper (level 5, -5/37 HPs)
             Began as an Octopode Fighter on May 9, 2021.
             Slain by Robin
             ... wielding a +0 mace
              (7 damage)
             ... on level 2 of the Dungeon.
             The game lasted 00:04:23 (3654 turns).

Zeld the Chopper (Octopode Fighter)                 Turns: 3654, Time: 00:04:23

Health: -5/37      AC:  1    Str: 17    XL:     5   Next: 72%
Magic:  5/5        EV: 11    Int: 10    God:
Gold:   94         SH:  9    Dex: 11    Spells: 4/4 levels left

rFire    . . .     SeeInvis .   a - +0 war axe
rCold    . . .     Faith    .   b - +0 kite shield
rNeg     . . .     Spirit   .   (helmet restricted)
rPois    .         Reflect  .   (no amulet)
rElec    .         Harm     .   (no ring)
rCorr    .         Rampage  .   (no ring)
Will     .....                  (no ring)
Stlth    ++........             (no ring)
HPRegen  0.12/turn              (no ring)
MPRegen  0.09/turn              (no ring)
                                (no ring)
                                (no ring)

@: no status effects
A: almost no armour, amphibious, 8 rings, camouflage 1, gelatinous body 1,
(nimble swimmer 1), tentacles
a: no special abilities


You were on level 2 of the Dungeon.
You visited 1 branch of the dungeon, and saw 2 of its levels.

You collected 94 gold pieces.

Inventory:

Hand Weapons
 a - a +0 war axe (weapon)
Armour
 b - a +0 kite shield (worn)
Scrolls
 d - a scroll of vulnerability {unknown}
 e - a scroll of immolation {unknown}
 g - a scroll of fear {unknown}
 h - a scroll of identify {unknown}
 k - a scroll of teleportation {unknown}
Potions
 c - a potion of might
 f - 2 potions of curing {unknown}
 i - a potion of heal wounds {unknown}
 j - a potion of berserk rage {unknown}


   Skills:
 + Level 4.0 Fighting
 * Level 4.3 Axes
 - Level 3.0 Dodging
 + Level 4.0 Shields


You had 4 spell levels left.
You didn't know any spells.
Your spell library contained the following spells:

 Spells                   Type           Power      Damage    Failure   Level
 Magic Dart               Conj           0%         1d3       83%         1
 Searing Ray              Conj           0%         3d3       93%         2
 Dazzling Flash           Conj/Hex       0%         N/A       99%         3
 Fulminant Prism          Conj/Hex       0%         3d6       100%        4
 Iskenderun's Mystic Bla  Conj/Tloc      0%         2d3       100%        4


Dungeon Overview and Level Annotations

Branches:
Dungeon (2/15)

Altars:

Annotations:
D:2 Robin


Innate Abilities, Weirdness & Mutations

You cannot wear most types of armour.
You are amphibious.
You can wear up to eight rings at the same time.
Your skin changes colour to match your surroundings (Stealth+).
Your rubbery body absorbs attacks. (AC +1, EV +1)
((You are camouflaged near water. (Stealth+)))
You have tentacles for arms and can constrict up to eight enemies at once.


Message History

The goblin barely misses you. The goblin closely misses you.
The goblin barely misses you. You block the goblin's attack.
You closely miss the goblin. Your grab misses the goblin. You hit the goblin.
A goblin comes into view. It is wielding a +0 club.
The goblin closely misses you. The goblin barely misses you.
The goblin hits you with a +0 dagger.
You closely miss the goblin. You grab the goblin.
The goblin is heavily wounded.
You slash the goblin!
You kill the goblin!
You constrict the goblin.
You kill the goblin!
Robin throws the goblin at you!
A hobgoblin comes into view.
The goblin hits you with a +0 club. The goblin misses you.
A goblin comes into view. It is wielding a +0 club.
The goblin hits you with a +0 club. You block Robin's attack.
The hobgoblin shouts!
You hear a shout! x2
You block the goblin's attack.
A goblin comes into view. It is wielding a +0 dagger.
Robin throws the goblin at you! The goblin hits you with a +0 club.
The goblin barely misses you.
You barely miss the goblin.
The goblin shouts!
Your grab misses the goblin. You hit the hobgoblin but do no damage.
You barely miss the goblin.
You feel yourself speed up.
Robin roars a battlecry!
The goblins go into a battle-frenzy!
The goblin hits you with a +0 club!
* * * LOW HITPOINT WARNING * * *
The goblin hits you with a +0 club!
* * * LOW HITPOINT WARNING * * *
The hobgoblin closely misses you.
A goblin comes into view. It is wielding a +0 club.
You block the goblin's attack. The goblin hits you with a +0 club.
* * * LOW HITPOINT WARNING * * *
You block the hobgoblin's attack. Robin hits you with a +0 mace!
You die...

......###.####.#
.#........# #.#
.###.#########.#######
.###.##### #.........#
..)......# #.#.##..#.#
.###.....# #.#.##..#
.........# # #.....#
.###.....# # #..##.#.#
.# #. ...# #.#gg@g...#
.# ## #.).gg..### .#
.....g##†#### .#
#####. #.# .. . #.# .#
g. ..# .# ###


You could see Robin, a hobgoblin (strong) and 4 goblins.

Vanquished Creatures
  Jessica (D:2)
  Natasha (D:2)
  Terence (D:2)
  3 gnolls
  4 adders (D:2)
  A worm (D:2)
  A dart slug (D:1)
  4 ball pythons
  5 endoplasms
  6 goblins
  5 hobgoblins (D:1)
  8 kobolds
  2 quokkas (D:2)
  3 bats
  2 frilled lizards (D:1)
  4 rats
51 creatures vanquished.

Notes
Turn   | Place    | Note
-------+----------+-------------------------------------------
     0 | D:1      | Zeld the Octopode Fighter began the quest for the Orb.
     0 | D:1      | Reached XP level 1. HP: 16/16 MP: 1/1
   252 | D:1      | Reached XP level 2. HP: 19/21 MP: 2/2
   597 | D:1      | Found a faded altar of an unknown god.
   602 | D:1      | Reached XP level 3. HP: 25/26 MP: 3/3
  1158 | D:2      | Noticed Terence
  1163 | D:2      | Killed Terence
  1166 | D:2      | Reached XP level 4. HP: 26/31 MP: 4/4
  2281 | D:2      | HP: 1/32 [gnoll/+2 spear of flaming (3)]
  2616 | D:2      | Noticed Jessica
  2619 | D:2      | Killed Jessica
  2722 | D:2      | Reached XP level 5. HP: 32/37 MP: 5/5
  3640 | D:2      | Noticed Natasha
  3647 | D:2      | Killed Natasha
  3647 | D:2      | Noticed Robin
  3654 | D:2      | Slain by Robin

Illustrated notes

Levels and vault maps discovered:
D:1:      shiori_arrival_maze, layout_basic, basic_ecumenical_altar,
          minmay_pentomino_z2
D:2:      layout_loops_cross, uniq_natasha, uniq_jessica, uniq_terence,
          uniq_robin

Skill      XL: |  1  2  3  4  5 |
---------------+----------------+-----
Axes           | 3 4 |  4.3
Fighting       | 4 |  4.0
Shields        | 4 |  4.0
Dodging        | |  3.0

Action                   |  1- 3 |  4- 6 || total
-------------------------+-------+-------++-------
Melee: War axe           |    38 |    54 ||    92
       Constrict         |     7 |    11 ||    18
       Tentacles         |     2 |     8 ||    10
  Use: Potion            |     1 |       ||     1
 Stab: Sleeping          |    12 |     1 ||    13
Armor: Skin              |     2 |     3 ||     5
Dodge: Dodged            |    14 |    25 ||    39
Block: Kite shield       |     8 |    26 ||    34

Table legend: (Time is in decaauts)
 A = Elapsed time spent in this place.
 B = Non-inter-level travel time spent in this place.
 C = Inter-level travel time spent in this place.
 D = Time resting spent in this place.
 E = Time spent auto-exploring this place.
 F = Levels seen in this place.
 G = Mean time per level.
                   A        B        C        D        E       F      G
               +--------+--------+--------+--------+--------+-----+--------+
         Total |   3715 |   3662 |     53 |   1279 |   1993 |   2 | 1857.5 |
       Dungeon |   3715 |   3662 |     53 |   1279 |   1993 |   2 | 1857.5 |
               +--------+--------+--------+--------+--------+-----+--------+

Top non-repeatable levels by time:
     D:1: 2510 daAuts
     D:2: 1204 daAuts
